 Dungeon Crawl Stone Soup version 0.31-a0-662-g684573625c (webtiles) character file.

Game seed: 7669906870324243972

1273 AiryTheDragon the Chiller (level 8, -6/54 HPs)
             Began as a Demonspawn Ice Elementalist on Aug 31, 2023.
             Mangled by Goober42's ghost (13 damage)
             ... on level 4 of the Dungeon on Sept 1, 2023.
             The game lasted 00:55:02 (4828 turns).

AiryTheDragon the Chiller (DsIE)                    Turns: 4828, Time: 00:55:02

Health: -6/54      AC:  9    Str: 10    XL:     8   Next: 28%
Magic:  0/14       EV: 12    Int: 21    God:
Gold:   301        SH:  0    Dex: 12    Spells: 4/15 levels left

rFire   . . .        y - +0 trident (flame)
rCold   . . .        (no shield)
rNeg    + . .        a - +0 robe
rPois   .            (helmet restricted)
rElec   .            (no cloak)
rCorr   .            (no gloves)
SInv    .            v - +0 pair of boots
Will    .....        (no amulet)
Stlth   ++           r - ring of positive energy
HPRegen 0.29/turn    (no ring)
MPRegen 0.28/turn

%: clarity, guardian spirit
@: ice-armoured, studying Polearms
A: horns 1, ignite blood 1, magic shield, magic regeneration, clarity, clever 1,
deformed body
a: no special abilities


You were on level 4 of the Dungeon.
You visited 1 branch of the dungeon, and saw 6 of its levels.

You collected 301 gold pieces.

Inventory:

Hand Weapons
 c - a +3 flail
 f - a +0 mace
 g - a +0 rapier
 y - a +0 trident of flaming (weapon)
Missiles
 z - a boomerang
Armour
 a - a +0 robe (worn)
 e - a +0 leather armour
 j - a +0 ring mail
 v - a +0 pair of boots (worn)
Jewellery
 r - a ring of positive energy (left hand)
Talismans
 d - a serpent talisman
 t - a storm talisman
 A - a blade talisman
Wands
 l - a wand of flame (4)
 s - a wand of roots (1)
Scrolls
 k - 2 scrolls of vulnerability
 o - a scroll of torment {unknown}
 u - a scroll of noise
 x - a scroll of identify {unknown}
 C - a scroll of immolation
 D - a scroll of teleportation {unknown}
Potions
 b - a potion of magic
 h - a potion of cancellation
 n - a potion of enlightenment {unknown}
 p - a potion of curing {unknown}
 q - a potion of lignification {unknown}
 w - 2 potions of brilliance {unknown}
 B - a potion of attraction {unknown}


   Skills:
 + Level 1.3 Fighting
 + Level 2.4 Short Blades
 * Level 3.4 Polearms
 + Level 2.1 Armour
 + Level 2.3 Dodging
 + Level 2.5 Stealth
 + Level 0.2 Unarmed Combat
 + Level 4.0 Spellcasting
 * Level 2.9 Summonings
 + Level 5.2 Ice Magic
 * Level 3.4 Evocations
 * Level 2.2 Shapeshifting


You had 4 spell levels left.
You knew the following spells:

 Your Spells              Type           Power      Damage    Failure   Level
a - Freeze                Ice            100%       1d10      1%          1
b - Frozen Ramparts       Ice            52%        1d8       4%          3
c - Summon Ice Beast      Ice/Summ       21%        N/A       22%         4
d - Ozocubu's Armour      Ice            26%        N/A       4%          3

Your spell library contained the following spells:

 Spells                   Type           Power      Damage    Failure   Level


Dungeon Overview and Level Annotations

Branches:
Dungeon (6/15)
 Temple: D:4-7

Altars:
Cheibriados
Hepliaklqana
Kikubaaqudgha
Nemelex Xobeh
Ru
Uskayaw
Xom

Annotations:
D:4 Goober42's ghost, amateur MiFi


Innate Abilities, Weirdness & Mutations

You have a pair of small horns on your head.
Your demonic aura sometimes causes spilled blood to erupt in flames.
When hurt, damage is shared between your health and your magic reserves.
You regenerate magic rapidly.
You possess an exceptional clarity of mind.
Your mind is acute. (Int +4, Str/Dex -1)
Armour fits poorly on your strangely shaped body.


Message History

The bullfrog skeleton is destroyed!
Aiming: Throw Flame
Press: ? - help, Shift-Dir - straight line, f/p - Goober42's ghost
Aim: Goober42's ghost (lightly damaged, ally target, 71% to hit)
The puff of flame hits Goober42's ghost.
Goober42's ghost is moderately damaged.
Goober42's ghost hits you.
The wyvern skeleton bites your ice beast!
Your ice beast hits Goober42's ghost but does no damage.
Aiming: Throw Flame
Press: ? - help, Shift-Dir - straight line, f/p - Goober42's ghost
Aim: Goober42's ghost (moderately damaged, ally target, 71% to hit)
The puff of flame hits Goober42's ghost but does no damage.
Goober42's ghost is moderately damaged.
The wyvern skeleton closely misses your ice beast.
Goober42's ghost hits you!
Your ice beast closely misses Goober42's ghost.
You feel much better.
The wyvern skeleton barely misses your ice beast.
Goober42's ghost hits you!
Your ice beast barely misses Goober42's ghost.
The wyvern skeleton bites your ice beast!
Your ice beast dies!
Your ice beast disappears in a puff of smoke!
Okay, then.
As you read the scroll labelled PECSAO KOSHRIO, it crumbles to dust.
You hear a loud clanging noise!
It was a scroll of noise.
Goober42's ghost hits you!
As you read the scroll labelled NOAKLU XAGOOBE, it crumbles to dust.
It is a scroll of brand weapon.
Your +0 trident is engulfed in flames!
y - a +0 trident of flaming (weapon)
Goober42's ghost closely misses you.
The wyvern skeleton bites you but does no damage.
You barely miss Goober42's ghost.
Goober42's ghost is moderately damaged.
The wyvern skeleton bites you!
* * * LOW HITPOINT WARNING * * *
Goober42's ghost hits you!
You die...

<..# #.........#......###
...##########.#########...#
.......# #.#..#.#..###.#
...#.#.## #.##..):.## #.#
........# ###.......#
#.###### ...#.#..# ##.....##
#......# ........# #.Z.....#
######.## ####.)..####
###W''### #..# ###.....##
#@Z...# ##.# ####
##.....####.....# #.#
...#######......##.### #.#
##....######..#....# #.#
####..........##.### ###.#
#########.......#########....
##...................
#######.............
###.....>...[.


You could see Goober42's ghost, a wyvern skeleton and a howler monkey skeleton.

Vanquished Creatures
  Prince Ribbit (D:5)
  Menkaure (D:5)
  2 orc warriors (D:5)
  An ice beast (D:4)
  A black bear (D:5)
  A scorpion (D:5)
  3 hounds
  3 orc priests
  3 iguanas
  4 orc wizards
  A gnoll (D:2)
  5 adders
  An ufetubus (D:5)
  2 worms
  23 orcs
  8 endoplasms
  3 giant cockroaches (D:3)
  5 goblins
  9 hobgoblins
  5 jackals
  5 kobolds
  2 quokkas
  7 ball pythons
  6 bats
  2 frilled lizards
  7 rats
111 creatures vanquished.

Vanquished Creatures (collateral kills)
  A bullfrog skeleton (D:4)
1 creature vanquished.

Grand Total: 112 creatures vanquished

Notes
Turn   | Place    | Note
-------+----------+-------------------------------------------
     0 | D:1      | AiryTheDragon the Demonspawn Ice Elementalist began the
                  | quest for the Orb.
     0 | D:1      | Reached XP level 1. HP: 13/13 MP: 3/3
   380 | D:1      | Gained mutation: You regenerate magic rapidly. [demonic
                  | ancestry]
   380 | D:1      | Reached XP level 2. HP: 19/19 MP: 5/5
  1099 | D:2      | Reached skill level 1 in Short Blades
  1099 | D:2      | Reached XP level 3. HP: 20/24 MP: 1/6
  1111 | D:2      | Reached skill level 4 in Ice Magic
  1115 | D:2      | Learned a level 3 spell: Frozen Ramparts
  1303 | D:2      | Reached XP level 4. HP: 30/30 MP: 2/7
  1389 | D:2      | Found an ancient bone altar of Kikubaaqudgha.
  1769 | D:3      | Found a snail-covered altar of Cheibriados.
  2067 | D:3      | Found a sacrificial altar of Ru.
  2251 | D:3      | Found a shimmering altar of Xom.
  2252 | D:3      | Found a hazy altar of Hepliaklqana.
  2252 | D:3      | Noticed a hell beast
  2253 | D:3      | Noticed a spectral ugly thing
  2253 | D:3      | Noticed a hell beast
  2316 | D:3      | Gained mutation: When hurt, damage is shared between your
                  | health and your magic reserves. [demonic ancestry]
  2316 | D:3      | Reached XP level 5. HP: 32/35 MP: 3/8
  2432 | D:3      | Found a hide-covered altar of Uskayaw.
  2647 | D:3      | Upgraded the game from 0.31-a0-656-gb4d89c20fa to
                  | 0.31-a0-662-g684573625c
  2741 | D:4      | Found a runed translucent gate.
  2741 | D:4      | Found a runed translucent gate.
  2743 | D:4      | Found a runed translucent gate.
  2750 | D:4      | Learned a level 4 spell: Summon Ice Beast
  2806 | D:4      | Noticed Goober42's ghost (amateur MiFi)
  2903 | D:4      | Reached skill level 1 in Armour
  2903 | D:4      | Reached skill level 1 in Evocations
  2947 | D:4      | Found a sparkling altar of Nemelex Xobeh.
  3193 | D:5      | Entered Level 5 of the Dungeon
  3193 | D:5      | Noticed an orc warrior
  3199 | D:5      | Killed an orc warrior
  3200 | D:5      | Reached skill level 1 in Summonings
  3200 | D:5      | Reached skill level 1 in Shapeshifting
  3200 | D:5      | Gained mutation: Your demonic aura sometimes causes spilled
                  | blood to erupt in flames. [demonic ancestry]
  3200 | D:5      | Reached XP level 6. HP: 32/42 MP: 2/10
  3389 | D:5      | Noticed an ice beast
  3733 | D:5      | Gained mutation: You have a pair of small horns on your
                  | head. [demonic ancestry]
  3733 | D:5      | Reached XP level 7. HP: 47/47 MP: 11/11
  3759 | D:4      | Reached skill level 1 in Fighting
  3759 | D:4      | Reached skill level 1 in Polearms
  3820 | D:5      | Learned a level 3 spell: Ozocubu's Armour
  4087 | D:5      | Noticed Menkaure
  4093 | D:5      | Gained mutation: Armour fits poorly on your strangely
                  | shaped body. [potion of mutation]
  4093 | D:5      | Gained mutation: You possess an exceptional clarity of
                  | mind. [potion of mutation]
  4093 | D:5      | Gained mutation: Your mind is acute. (Int +4, Str/Dex -1)
                  | [potion of mutation]
  4124 | D:5      | Killed Menkaure
  4125 | D:5      | Reached skill level 5 in Ice Magic
  4581 | D:5      | Noticed Prince Ribbit
  4600 | D:5      | Killed Prince Ribbit
  4601 | D:5      | Reached XP level 8. HP: 52/54 MP: 5/13
  4828 | D:4      | Mangled by Goober42's ghost

Illustrated notes

Levels and vault maps discovered:
D:1:      kilobyte_arrival_exit_the_forest, layout_rooms, minmay_distorted
D:2:      layout_basic, basic_altar, minmay_guardbox
D:3:      layout_basic, amcnicky_altar_gilded, mainiacjoe_overflow_alcove_1,
          regret_index_temple_of_mockery,
          nicolae_uskayaw_murder_on_the_dancefloor, minmay_stone_trees_small,
          serial_bayou_crossing
D:4:      layout_rooms, nemelex_xobeh_ov_fountains_minmay, serial_glass,
          glass_columns_a, glass_columns_a, gammafunk_ghost_necromancy
D:5:      layout_basic, elyvilon_altar_3, minmay_manual_monolith,
          uniq_prince_ribbit1, uniq_menkaure
D:6:      gammafunk_steamed_eel, layout_basic, ebering_ghost_disaster_area,
          minmay_shop_grid_forest

Skill      XL: |  1  2  3  4  5  6  7  8 |
---------------+-------------------------+-----
Dodging        | 2 |  2.3
Stealth        | 2 |  2.5
Short Blades   | 1 2 |  2.4
Ice Magic      | 4 5 |  5.2
Armour         | 1 2 |  2.1
Evocations     | 1 2 3 |  3.4
Summonings     | 1 2 |  2.9
Shapeshifting  | 1 2 |  2.2
Spellcasting   | 3 4 |  4.0
Fighting       | 1 |  1.3
Polearms       | 3 |  3.4
Unarmed Combat | |  0.2

Action                     |  1- 3 |  4- 6 |  7- 9 || total
---------------------------+-------+-------+-------++-------
  Melee: Unarmed           |    19 |       |       ||    19
         Rapier            |    56 |    81 |       ||   137
         Dagger            |     3 |       |       ||     3
         Trident           |       |    15 |    48 ||    63
         Punch             |       |     1 |     1 ||     2
         Headbutt          |       |       |     5 ||     5
  Throw: Boomerang         |       |       |     1 ||     1
   Cast: Freeze            |    26 |    15 |     8 ||    49
         Frozen Ramparts   |     2 |    16 |     8 ||    26
         Ozocubu's Armour  |       |       |     4 ||     4
         Summon Ice Beast  |       |       |     1 ||     1
  Evoke: Wand              |       |     2 |     9 ||    11
    Use: Potion            |     1 |       |     4 ||     5
         Scroll            |       |     1 |     4 ||     5
   Stab: Sleeping          |     3 |     3 |       ||     6
 Armour: Robe              |     7 |       |    20 ||    27
         Leather armour    |    13 |    52 |    32 ||    97
  Dodge: Dodged            |    62 |    50 |    52 ||   164

Table legend: (Time is in decaauts)
 A = Elapsed time spent in this place.
 B = Non-inter-level travel time spent in this place.
 C = Inter-level travel time spent in this place.
 D = Time resting spent in this place.
 E = Time spent auto-exploring this place.
 F = Levels seen in this place.
 G = Mean time per level.
                   A        B        C        D        E       F      G
               +--------+--------+--------+--------+--------+-----+--------+
         Total |   4879 |   4655 |    224 |    362 |   3314 |   6 |  813.2 |
       Dungeon |   4879 |   4655 |    224 |    362 |   3314 |   6 |  813.2 |
               +--------+--------+--------+--------+--------+-----+--------+

Top non-repeatable levels by time:
     D:5: 1323 daAuts
     D:3: 1067 daAuts
     D:1: 1019 daAuts
     D:4: 861 daAuts
     D:2: 606 daAuts
     D:6: 1 daAuts
